 Dungeon Sprint DCSS version 0.31-a0-806-g0bc164a743 (webtiles) character file.

Game seed: 4579435522750520012

2 Conn the Firebug (level 1, 0/11 HPs)
             Began as an Octopode Fire Elementalist on Sept 21, 2023.
             Was an Initiate of Sif Muna.
             Slain by an adder (3 damage)
             ... in the Dungeon (Sprint VII: "The Pits").
             The game lasted 00:00:47 (67 turns).

Conn the Firebug (Octopode Fire Elementalist)         Turns: 67, Time: 00:00:47

Health: 0/11       AC:  1    Str:  7    XL:     1   Next: 30%
Magic:  0/3        EV: 13    Int: 17    God:    Sif Muna [......]
Gold:   0          SH:  0    Dex: 12    Spells: 3/4 levels left

rFire   . . .        (no weapon)
rCold   . . .        (no shield)
rNeg    . . .        (helmet restricted)
rPois   .            (no amulet)
rElec   .            (no ring)
rCorr   .            (no ring)
SInv    .            (no ring)
Will    .....        (no ring)
Stlth   +++          (no ring)
HPRegen 0.21/turn    (no ring)
MPRegen 0.08/turn    (no ring)
                     (no ring)

%: no teleportation
@: very slightly contaminated
A: almost no armour, amphibious, 8 rings, camouflage 1, gelatinous body 1,
(nimble swimmer 1), tentacles
a: Renounce Religion


You were in the Dungeon.
You worshipped Sif Muna.
Sif Muna was noncommittal.
You visited 1 branch

Inventory:

Scrolls
 f - a scroll of blinking
 h - 2 scrolls of vulnerability
 i - 5 scrolls of amnesia
 j - a scroll of butterflies
Potions
 a - 5 potions of magic
 c - a potion of heal wounds
 d - a potion of haste
 e - 3 potions of berserk rage
 g - 2 potions of invisibility


   Skills:
 + Level 2.1 Dodging
 + Level 2.8 Stealth
 + Level 2.2 Spellcasting
 + Level 1.0 Conjurations
 + Level 3.5 Fire Magic


You had 3 spell levels left.
You knew the following spells:

 Your Spells              Type           Power      Damage    Failure   Level
a - Foxfire               Conj/Fire      36%        2x1d5     8%          1

Your spell library contained the following spells:

 Spells                   Type           Power      Damage    Failure   Level
 Scorch                   Fire           28%        2d6       7%          2
 Inner Flame              Hex/Fire       7%         N/A       26%         3
 Volatile Blastmotes      Fire/Tloc      14%        2d11      26%         3
 Flame Wave               Conj/Fire      9%         2d6       58%         4


Dungeon Overview and Level Annotations

Branches:
Dungeon (1/1)

Altars:
Ashenzari
Cheibriados
Dithmenos
Elyvilon
Fedhas
Gozag
Hepliaklqana
Kikubaaqudgha
Makhleb
Nemelex Xobeh
Okawaru
Qazlal
Ru
Sif Muna
Trog
Uskayaw
Vehumet
Wu Jian
Xom
Yredelemnul
Zin
The Shining One
Jiyva
Lugonu


Innate Abilities, Weirdness & Mutations

You cannot wear most types of armour.
You are amphibious.
You can wear up to eight rings at the same time.
Your skin changes colour to match your surroundings (Stealth+).
Your rubbery body absorbs attacks. (AC +1, EV +1)
((You are camouflaged when in or above water. (Stealth+)))
You have tentacles for arms and can constrict up to eight enemies at once.


Message History

The adder poisons you!
Unknown command.
Casting: Foxfire (safe; 8% risk of failure)
Confirm with . or Enter, or press ? or * to list all spells.
You conjure some foxfire!
You feel sick. The adder bites you.
* * * LOW HITPOINT WARNING * * *
Unknown command.
You feel better.
The foxfire hits the adder.
The adder is lightly wounded.
The foxfire hits the adder but does no damage.
The adder is lightly wounded.
The adder misses you.
Unknown command.
Unknown command.
Unknown command.
Casting: Foxfire (safe; 8% risk of failure)
Confirm with . or Enter, or press ? or * to list all spells.
You miscast Foxfire.
You are very lightly contaminated with residual magic.
Nothing appears to happen.
The adder bites you. The adder barely misses you.
The floating eye's view fixates on you.
Unknown command.
Casting: Foxfire (safe; 8% risk of failure)
Confirm with . or Enter, or press ? or * to list all spells.
You conjure some foxfire!
The adder bites you.
Unknown command.
You tentacle-slap the adder but do no damage.
Your grab misses the adder. Your squeeze misses the adder.
The adder is lightly wounded.
The foxfire hits the adder.
The adder is moderately wounded.
The foxfire hits the adder.
The adder is severely wounded.
The adder bites you.
* * * LOW HITPOINT WARNING * * *
You tentacle-slap the adder but do no damage.
Your grab misses the adder.
The adder is severely wounded.
The adder bites you.
You die...

############ #_________.#
#_________.#
#_______...###########++
##########'##...........
#..(.')))'.##......#..#.
##########.##...........
#.......GS@ยง)...........
#+#####'#####......#..#.
#. #........... #G
####'#####++ +. #.......#
## #.......# #.......#
#...<...# #.......#


You could see a floating eye (charged) and an adder.

Vanquished Creatures
  An orc (D)
1 creature vanquished.

Vanquished Creatures (others)
  8 foxfires (D)
8 creatures vanquished.

Grand Total: 9 creatures vanquished

Notes
Turn   | Place    | Note
-------+----------+-------------------------------------------
     0 | D        | Conn the Octopode Fire Elementalist began the quest for the
                  | Orb.
     0 | D        | Reached XP level 1. HP: 11/11 MP: 3/3
    40 | D        | Found a bloodstained altar of Trog.
    40 | D        | Found a shimmering blue altar of Sif Muna.
    40 | D        | Found a viscous altar of Jiyva.
    40 | D        | Found a hazy altar of Hepliaklqana.
    40 | D        | Found an opulent altar of Gozag.
    41 | D        | Found a glowing golden altar of the Shining One.
    41 | D        | Found a glowing silver altar of Zin.
    41 | D        | Found a basalt altar of Yredelemnul.
    41 | D        | Found a shimmering altar of Xom.
    41 | D        | Found an ornate altar of the Wu Jian Council.
    41 | D        | Found a sacrificial altar of Ru.
    41 | D        | Found a stormy altar of Qazlal.
    41 | D        | Found an iron altar of Okawaru.
    41 | D        | Found a sparkling altar of Nemelex Xobeh.
    41 | D        | Found a burning altar of Makhleb.
    41 | D        | Found a blossoming altar of Fedhas.
    41 | D        | Found a white marble altar of Elyvilon.
    41 | D        | Found a shadowy altar of Dithmenos.
    41 | D        | Found a snail-covered altar of Cheibriados.
    43 | D        | Found a corrupted altar of Lugonu.
    43 | D        | Found a radiant altar of Vehumet.
    44 | D        | Found an ancient bone altar of Kikubaaqudgha.
    44 | D        | Found a hide-covered altar of Uskayaw.
    44 | D        | Found a broken altar of Ashenzari.
    49 | D        | Became a worshipper of Sif Muna the Loreminder
    59 | D        | Noticed a floating eye
    67 | D        | Slain by an adder

Illustrated notes

Levels and vault maps discovered:
D:        pitsprint [storerooms_1, entrance_room_1, metal_vault_8, armoury_2,
          mini_pit_1, grid_room_1, main_hall_1, silver_pit, the_coven_1,
          the_vestibule_1, steel_vault_3, golden_pit, hallway_of_sentries,
          crystal_vault_2, iron_vault_3, final_vault]

Action                     || total
---------------------------++-------
  Melee: Unarmed           ||     3
         Constrict         ||     1
   Cast: Foxfire           ||     4
    Use: Potion            ||     1
 Armour: Skin              ||     6
  Dodge: Dodged            ||     4

Table legend: (Time is in decaauts)
 A = Elapsed time spent in this place.
 B = Non-inter-level travel time spent in this place.
 C = Inter-level travel time spent in this place.
 D = Time resting spent in this place.
 E = Time spent auto-exploring this place.
 F = Levels seen in this place.
 G = Mean time per level.
                   A        B        C        D        E       F      G
               +--------+--------+--------+--------+--------+-----+--------+
         Total |     67 |     67 |      0 |      0 |      0 |   1 |   67.0 |
       Dungeon |     67 |     67 |      0 |      0 |      0 |   1 |   67.0 |
               +--------+--------+--------+--------+--------+-----+--------+

Top non-repeatable levels by time:
       D: 67 daAuts
